 Dungeon Crawl Stone Soup version 0.31-a0-202-g547052bce9 (webtiles) character file.

Game seed: 13659791279399629169

219 mopl the Magician (level 5, 0/31 HPs)
             Began as an Octopode Hedge Wizard on June 26, 2023.
             Slain by a phantom (7 damage)
             ... on level 4 of the Dungeon.
             The game lasted 00:03:38 (2855 turns).

mopl the Magician (Octopode Hedge Wizard)           Turns: 2855, Time: 00:03:38

Health: 0/31       AC:  1    Str:  9    XL:     5   Next: 96%
Magic:  1/11       EV: 13    Int: 18    God:
Gold:   197        SH:  0    Dex: 12    Spells: 6/12 levels left

rFire   . . .        a - +1 short sword (drain)
rCold   . . .        (no shield)
rNeg    . . .        b - +0 hat
rPois   .            (no amulet)
rElec   .            (no ring)
rCorr   .            (no ring)
SInv    .            (no ring)
Will    .....        (no ring)
Stlth   +++          (no ring)
HPRegen 0.25/turn    (no ring)
MPRegen 0.12/turn    (no ring)
                     (no ring)

%: no passive effects
@: no status effects
A: almost no armour, amphibious, 8 rings, camouflage 1, gelatinous body 1,
(nimble swimmer 1), tentacles
a: no special abilities


You were on level 4 of the Dungeon.
You visited 1 branch of the dungeon, and saw 4 of its levels.

You collected 197 gold pieces.

Inventory:

Hand Weapons
 a - a +1 short sword of draining (weapon)
Missiles
 e - 4 boomerangs
 q - 3 curare-tipped darts
Armour
 b - a +0 hat (worn)
Magical Staves
 r - a staff of poison
Wands
 s - a wand of mindburst (6)
Scrolls
 h - 6 scrolls of identify {unknown}
 l - a scroll of teleportation {unknown}
 m - a scroll of enchant weapon {unknown}
 n - a scroll of revelation {unknown}
 p - a scroll of immolation {unknown}
 t - a scroll of noise {unknown}
 u - a scroll of blinking {unknown}
 v - a scroll of vulnerability {unknown}
Potions
 c - a potion of magic
 d - a potion of brilliance {unknown}
 f - 2 potions of enlightenment {unknown}
 g - 2 potions of heal wounds {unknown}
 i - a potion of curing {unknown}
 j - a potion of haste {unknown}
 k - 2 potions of mutation {unknown}
 o - a potion of degeneration {unknown}


   Skills:
 - Level 2.0 Dodging
 - Level 2.6 Stealth
 + Level 4.1 Spellcasting
 + Level 3.1 Conjurations
 - Level 1.0 Summonings
 - Level 3.0 Translocations
 - Level 2.0 Poison Magic


You had 6 spell levels left.
You knew the following spells:

 Your Spells              Type           Power      Damage    Failure   Level
a - Magic Dart            Conj           56%        1d5       4%          1
c - Mephitic Cloud        Conj/Pois/Air  9%         N/A       22%         3
e - Blink                 Tloc           28%        N/A       6%          2

Your spell library contained the following spells:

 Spells                   Type           Power      Damage    Failure   Level
 Slow                     Hex            12%        N/A       14%         1
 Call Imp                 Summ           14%        N/A       14%         2
 Cigotuvi's Dreadful Rot  Necr/Pois/Air  12%        N/A       17%         2


Dungeon Overview and Level Annotations

Branches:
Dungeon (4/15)
 Temple: D:4-7

Altars:
Uskayaw

Shops:
D:1 (


Innate Abilities, Weirdness & Mutations

You cannot wear most types of armour.
You are amphibious.
You can wear up to eight rings at the same time.
Your skin changes colour to match your surroundings (Stealth+).
Your rubbery body absorbs attacks. (AC +1, EV +1)
((You are camouflaged when in or above water. (Stealth+)))
You have tentacles for arms and can constrict up to eight enemies at once.


Message History

The phantom hits you.
The phantom blinks!
You blink.
The magic dart hits the phantom.
The phantom is severely damaged.
The phantom hits you!
You are too injured to fight recklessly!
You are too injured to fight recklessly!
You are too injured to fight recklessly!
You are too injured to fight recklessly!
You are too injured to fight recklessly!
You are too injured to fight recklessly!
You hit the phantom but do no damage.
The phantom is severely damaged.
The phantom hits you!
* * * LOW HITPOINT WARNING * * *
Your magical contamination has completely faded away.
You hit the phantom but do no damage. You squeeze the phantom.
The phantom is severely damaged.
The phantom closely misses you.
Casting: Magic Dart (safe; 4% risk of failure)
Confirm with . or Enter, or press ? or * to list all spells.
Aiming: Magic Dart (safe; 4% risk of failure)
Press: ? - help, Shift-Dir - straight line, f/p - phantom
Aim: a phantom (severely damaged, 100% to hit)
The magic dart hits the phantom but does no damage.
The phantom is severely damaged.
The phantom closely misses you.
Unknown command.
Casting: Magic Dart (safe; 4% risk of failure)
Confirm with . or Enter, or press ? or * to list all spells.
You don't have enough magic to cast this spell.
Unknown command.
Unknown command.
You completely miss the phantom. Your squeeze misses the phantom.
The phantom is severely damaged.
The phantom hits you.
* * * LOW HITPOINT WARNING * * *
You hit the phantom but do no damage. Your squeeze misses the phantom.
The phantom is severely damaged.
The phantom hits you!
You die...

###.#####.#....##..##. #.#
#...##.......... #.#
#.######.####### #.#
#.#.............
######.###.#.#####.......
#..).....................
#.....ยง#####....########.
#......# #....# #....?.#
#...@# #......# #..W.#
######## #....# #....#
#....# #)...# ##...# #...#
#####


You could see a phantom.

Vanquished Creatures
  An orc priest (D:4)
  A hound (D:3)
  An orc wizard (D:4)
  Robin (D:2)
  2 adders
  3 gnolls
  2 dart slugs
  A worm (D:3)
  An orc (D:4)
  7 bats
  6 endoplasms
  4 giant cockroaches
  16 goblins
  4 hobgoblins
  4 jackals (D:2)
  7 kobolds
  A quokka (D:3)
  6 ball pythons
  4 rats
72 creatures vanquished.

Notes
Turn   | Place    | Note
-------+----------+-------------------------------------------
     0 | D:1      | mopl the Octopode Hedge Wizard began the quest for the Orb.
     0 | D:1      | Reached XP level 1. HP: 11/11 MP: 4/4
   134 | D:1      | Reached XP level 2. HP: 17/17 MP: 6/6
   137 | D:1      | Learned a level 2 spell: Blink
   213 | D:1      | Found a faded altar of an unknown god.
   414 | D:1      | Found Duppy's Antique Weapon Shoppe.
   998 | D:2      | Reached XP level 3. HP: 14/21 MP: 7/7
  1002 | D:2      | Learned a level 3 spell: Mephitic Cloud
  1029 | D:2      | Noticed Robin
  1055 | D:2      | Killed Robin
  1068 | D:2      | Reached skill level 2 in Conjurations
  1068 | D:2      | Reached skill level 2 in Translocations
  1112 | D:2      | Reached skill level 1 in Poison Magic
  1112 | D:2      | Reached XP level 4. HP: 24/27 MP: 7/9
  1754 | D:3      | Found a hide-covered altar of Uskayaw.
  2442 | D:4      | Reached skill level 2 in Poison Magic
  2442 | D:4      | Reached XP level 5. HP: 23/31 MP: 10/10
  2505 | D:4      | Reached skill level 4 in Spellcasting
  2515 | D:4      | Reached skill level 3 in Translocations
  2720 | D:3      | Reached skill level 3 in Conjurations
  2784 | D:4      | Noticed a phantom
  2855 | D:4      | Slain by a phantom

Illustrated notes

Levels and vault maps discovered:
D:1:      matt_arrival_grand_opening, layout_basic,
          dreamdust_ecumenical_altar_grove, serial_shops, nicolae_shop_crystal,
          serial_rivers, chequers_serial_rivers_small_3,
          chequers_serial_rivers_large_a, chequers_serial_rivers_micro_e,
          chequers_serial_rivers_small_a, chequers_serial_rivers_small_3
D:2:      layout_loops_ring, uniq_robin
D:3:      layout_basic, mainiacjoe_overflow_alcove_4, serial_forest,
          infiniplex_forest_lined_2, infiniplex_forest_clump_small,
          infiniplex_forest_clump_tiny, infiniplex_forest_end_1,
          infiniplex_forest_corner_2
D:4:      layout_basic, uniq_blork_the_orc, uniq_edmund, uniq_eustachio

Skill      XL: |  1  2  3  4  5 |
---------------+----------------+-----
Conjurations   | 2 3 |  3.1
Translocations | 2 3 |  3.0
Poison Magic   | 1 2 |  2.0
Spellcasting   | 4 |  4.1
Dodging        | |  2.0
Stealth        | |  2.6
Summonings     | |  1.0

Action                     |  1- 3 |  4- 6 || total
---------------------------+-------+-------++-------
  Melee: Dagger            |    18 |       ||    18
         Tentacles         |     9 |    18 ||    27
         Constrict         |     9 |    19 ||    28
         Short sword       |    36 |    84 ||   120
         Punch             |     2 |       ||     2
   Cast: Magic Dart        |     9 |    19 ||    28
   Stab: Sleeping          |     5 |     8 ||    13
 Armour: Skin              |     7 |     4 ||    11
  Dodge: Dodged            |    38 |    60 ||    98

Table legend: (Time is in decaauts)
 A = Elapsed time spent in this place.
 B = Non-inter-level travel time spent in this place.
 C = Inter-level travel time spent in this place.
 D = Time resting spent in this place.
 E = Time spent auto-exploring this place.
 F = Levels seen in this place.
 G = Mean time per level.
                   A        B        C        D        E       F      G
               +--------+--------+--------+--------+--------+-----+--------+
         Total |   2857 |   2785 |     72 |    252 |   1996 |   4 |  714.2 |
       Dungeon |   2857 |   2785 |     72 |    252 |   1996 |   4 |  714.2 |
               +--------+--------+--------+--------+--------+-----+--------+

Top non-repeatable levels by time:
     D:3: 1242 daAuts
     D:1: 776 daAuts
     D:2: 680 daAuts
     D:4: 158 daAuts
